 Dungeon Crawl Stone Soup version 0.30-a0-857-gcaf70739d4 (webtiles) character file.

Game seed: 14760672281756872272

2317 Pimp the Protected (level 9, -1/130 HPs)
             Began as an Armataur Fighter on Mar 5, 2023.
             Succumbed to a scorpion's poison
             ... on level 4 of the Dungeon.
             The game lasted 00:06:31 (3113 turns).

Pimp the Protected (Armataur Fighter)               Turns: 3113, Time: 00:06:33

Health: -1/130     AC: 24    Str: 26    XL:     9   Next: 18%
Magic:  9/9        EV:  1    Int:  9    God:
Gold:   228        SH:  6    Dex:  9    Spells: 8/8 levels left

rFire   . . .      SeeInvis .    a - +0 war axe
rCold   . . .      Faith    .    c - +0 buckler
rNeg    . . .      Spirit   .    g - melded +0 chain mail
rPois   +          Reflect  .    f - melded +2 helmet
rElec   .          Roll     +    (cloak currently unavailable)
rCorr   .          NoTele   +    (gloves currently unavailable)
Will    .....                    (no barding)
Stlth   +                        (no amulet)
HPRegen 0.41/turn                (no ring)
MPRegen 0.11/turn                (no ring)

@: lethally poisoned (-1 -> -9), tree-form
A: stationary, stasis, torment immunity, boosted hp, large, rugged brown scales
3, (deformed body), (armoured tail), roll, long tongue, awkward tongue
a: no special abilities


You were on level 4 of the Dungeon.
You were a tree.
You visited 1 branch of the dungeon, and saw 4 of its levels.
You also visited: Sewer.

You collected 228 gold pieces.

Inventory:

Hand Weapons
 a - a +0 war axe (weapon)
Armour
 b - a +0 scale mail
 c - a +0 buckler (worn)
 f - a +2 helmet (melded)
 g - a +0 chain mail (melded)
Jewellery
 k - an amulet of magic regeneration
 t - a ring of resist corrosion
Wands
 s - a wand of flame (20)
Scrolls
 e - 4 scrolls of teleportation
 i - 2 scrolls of fear
 j - a scroll of poison
 l - a scroll of magic mapping {unknown}
 m - a scroll of fog
 n - 2 scrolls of enchant armour
Potions
 d - 3 potions of might
 h - a potion of mutation {unknown}
 p - 2 potions of lignification
 q - a potion of degeneration {unknown}
 r - a potion of haste


   Skills:
 + Level 8.4 Fighting
 + Level 7.3 Axes
 + Level 10.9 Armour
 + Level 10.0 Shields


You had 8 spell levels left.
You didn't know any spells.
Your spell library was empty.

Dungeon Overview and Level Annotations

Branches:
Dungeon (4/15)              Sewer (visited)
 Temple: D:4-7

Altars:
Ru
Sif Muna

Shops:
D:1 *


Innate Abilities, Weirdness & Mutations

You are a tree.
Your roots penetrate the ground, keeping you stationary.
You cannot be teleported.
You are immune to unholy pain and torment.
Your maximum health is greatly increased.
Your equipment is partially melded.
(You are completely covered in rugged brown scales. (AC +3, +7% HP))
((Armour fits poorly on your strangely shaped body.))
((You have a long armoured tail.))
You roll when moving toward enemies. (Rampage)
Your long tongue fully drains potion bottles. (2x potion effects)
Your tongue gives you trouble enunciating. (1.5x scroll delay)


Message History

You closely miss the scorpion.
Your tail-slap misses the scorpion.
The scorpion is severely wounded.
You feel very sick. The scorpion stings you.
* * * LOW HITPOINT WARNING * * *
The scorpion stings you.
* * * LOW HITPOINT WARNING * * *
You are lethally poisoned!
The scorpion poisons you!
You hit the scorpion but do no damage.
The scorpion is severely wounded.
* * * LOW HITPOINT WARNING * * *
You feel very sick.
The scorpion stings you but does no damage.
You slurp down every last drop of the fuming grey potion!
It was a potion of lignification.
You turn into a tree.
Your +2 helmet melds into your body.
Your +0 chain mail melds into your body.
Your roots penetrate the ground.
* * * LOW HITPOINT WARNING * * *
You feel very sick. You block the scorpion's attack.
You slash the scorpion!
You kill the scorpion!
* * * LOW HITPOINT WARNING * * *
You feel very sick.
You slurp down every last drop of the emerald potion!
It was a potion of experience.
You feel more experienced!
Your Fighting skill gained 4 levels and is now at level 8!
Your Axes skill gained 4 levels and is now at level 7!
Your Armour skill gained 5 levels and is now at level 10!
Your Shields skill gained 5 levels and is now at level 10!
You have reached level 8!
You feel clever.
You have reached level 9!
Your experience leads to an increase in your attributes!
Increase (S)trength, (I)ntelligence, or (D)exterity?
You feel stronger. x2
You die...

.........#........#...#...
............#†.##.#...<..#
.......#.##..>.##.##.)....
..........##......#.......
####........#..).##......#
####...#.#....##.......
#...#......÷........
#####.)................#
......)♣.........#.....#
......)†.........#.....#
.####...####..........##
#...# #......###.# .....#
#......# #.## ..######
#......# #..# . ###...##
##.# #>..# #.# #...# #.#


There were no monsters in sight!

Vanquished Creatures
  A water moccasin (Sewer)
  4 scorpions (D:4)
  2 hounds
  2 iguanas (D:4)
  6 adders
  A worm (D:3)
  A dart slug (D:4)
  4 orcs (D:4)
  8 ball pythons
  5 endoplasms
  5 giant cockroaches
  5 goblins
  7 hobgoblins
  8 jackals
  8 kobolds
  7 quokkas
  9 bats
  A frilled lizard (D:1)
  6 rats
90 creatures vanquished.

Notes
Turn   | Place    | Note
-------+----------+-------------------------------------------
     0 | D:1      | Pimp the Armataur Fighter began the quest for the Orb.
     0 | D:1      | Reached XP level 1. HP: 19/19 MP: 1/1
   156 | D:1      | Reached XP level 2. HP: 26/26 MP: 2/2
   221 | D:1      | Found Oqogheic's Assorted Antiques.
   961 | D:2      | Reached XP level 3. HP: 33/33 MP: 3/3
  1823 | D:3      | Found a shimmering blue altar of Sif Muna.
  1896 | D:3      | Reached XP level 4. HP: 38/40 MP: 4/4
  2015 | D:3      | Found a sacrificial altar of Ru.
  2352 | D:3      | Found a glowing drain.
  2362 | Sewer    | Entered a sewer
  2429 | Sewer    | Noticed a water moccasin
  2439 | Sewer    | Killed a water moccasin
  2440 | Sewer    | Reached skill level 5 in Armour
  2440 | Sewer    | Reached XP level 5. HP: 30/49 MP: 5/5
  2681 | D:4      | Reached XP level 6. HP: 55/55 MP: 6/6
  2812 | D:4      | Reached skill level 5 in Shields
  2921 | D:4      | Reached XP level 7. HP: 44/64 MP: 7/7
  3111 | D:4      | HP: 4/96 [poisoned by a scorpion]
  3112 | D:4      | HP: 1/96 [poisoned by a scorpion]
  3113 | D:4      | Reached skill level 10 in Armour
  3113 | D:4      | Reached skill level 10 in Shields
  3113 | D:4      | Reached XP level 8. HP: 1/80 MP: 8/8
  3113 | D:4      | Reached XP level 9. HP: 1/87 MP: 9/9
  3113 | D:4      | Succumbed to a scorpion's poison

Illustrated notes

Levels and vault maps discovered:
D:1:      amcnicky_arrival_gap_in_the_tavern_cellar, layout_basic, serial_shops,
          shop, serial_glass, glass_columns_a, glass_columns_c,
          minmay_strange_pillars, due_unseen_surprise
D:2:      layout_basic, corexii_leaking_fountain
D:3:      layout_basic, general_overflow_altar, nicolae_sif_muna_condensation,
          portal_sewer_entry_f
D:4:      layout_rooms, serial_shops, kennysheep_little_box

Skill      XL: |  1  2  3  4  5  6  7 |
---------------+----------------------+-----
Fighting       | 3 4 8 |  8.4
Armour         | 4 5 10 | 10.9
Axes           | 2 3 7 |  7.3
Shields        | 4 5 10 | 10.0

Action                     |  1- 3 |  4- 6 |  7- 9 || total
---------------------------+-------+-------+-------++-------
  Melee: War axe           |    88 |   148 |    30 ||   266
         Tailslap          |     8 |    11 |     4 ||    23
    Use: Scroll            |     6 |     1 |       ||     7
         Potion            |     1 |       |     2 ||     3
 Armour: Scale mail        |    18 |       |       ||    18
         Chain mail        |    60 |   153 |    23 ||   236
  Dodge: Dodged            |    23 |    47 |    17 ||    87
  Block: Buckler           |    16 |    43 |     8 ||    67

Table legend: (Time is in decaauts)
 A = Elapsed time spent in this place.
 B = Non-inter-level travel time spent in this place.
 C = Inter-level travel time spent in this place.
 D = Time resting spent in this place.
 E = Time spent auto-exploring this place.
 F = Levels seen in this place.
 G = Mean time per level.
                   A        B        C        D        E       F      G
               +--------+--------+--------+--------+--------+-----+--------+
         Total |   3203 |   2978 |    225 |     73 |   2192 |   5 |  640.6 |
       Dungeon |   3002 |   2777 |    225 |     13 |   2100 |   4 |  750.5 |
         Sewer |    200 |    200 |      0 |     60 |     92 |   1 |  200.0 |
               +--------+--------+--------+--------+--------+-----+--------+

Top non-repeatable levels by time:
     D:1: 974 daAuts
     D:2: 867 daAuts
     D:3: 674 daAuts
     D:4: 487 daAuts
   Sewer: 200 daAuts
